 Dungeon Crawl Stone Soup version 0.24-a0-251-g44e327e (webtiles) character file.

Game seed: 1708710377079752673

1773 Borgoz the Slicer (level 9, -2/56 HPs)
             Began as a Kobold Gladiator on Apr 16, 2019.
             Was an Initiate of Ashenzari.
             Slain by a wight
             ... wielding a +0 halberd
              (5 damage)
             ... on level 7 of the Dungeon.
             The game lasted 00:12:30 (7895 turns).

Borgoz the Slicer (Kobold Gladiator)                Turns: 7895, Time: 00:12:31

Health: -2/56      AC:  8    Str: 14    XL:     9   Next: 28%
Magic:  9/9        EV: 18    Int: 14    God:    Ashenzari [......]
Gold:   329        SH:  0    Dex: 17    Spells: 8/8 levels left

rFire    . . .     SeeInvis .   h - +1 short sword (venom)
rCold    . . .     Gourm    .   (shield restricted)
rNeg     . . .     Faith    .   x - +1 leather armour {MR+}
rPois    .         Spirit   .   c - +0 helmet
rElec    .         Reflect  .   i - +2 cloak
rCorr    .         Harm     .   (no gloves)
MR       +....                  (no boots)
Stlth    ..........             (no amulet)
HPRegen  0.18/turn              p - ring of attention (curse)
MPRegen  0.11/turn              v - +5 ring of intelligence

@: heavily drained
A: small, carnivore
a: Curse Item, Renounce Religion


You were on level 7 of the Dungeon.
You worshipped Ashenzari.
Ashenzari was noncommittal.
You were very full.

You visited 2 branches of the dungeon, and saw 9 of its levels.

You collected 329 gold pieces.

Inventory:

Hand Weapons
 a - a +0 rapier
 h - a +1 short sword of venom (weapon)
 m - a +2 dagger of speed
Armour
 c - a +0 helmet (worn)
 i - a +2 cloak (worn)
 x - a +1 leather armour of magic resistance (worn)
Jewellery
 b - an uncursed ring of see invisible
 p - a cursed ring of attention (left hand)
 v - a +5 ring of intelligence (right hand)
 y - an uncursed ring of magical power
Wands
 C - a wand of scattershot (6)
Scrolls
 d - a scroll of noise {unknown}
 e - 5 scrolls of identify {unknown}
 g - 3 scrolls of enchant weapon {unknown}
 j - a scroll of magic mapping {unknown}
 k - 3 scrolls of remove curse
 l - a scroll of fog {unknown}
 q - a scroll of amnesia {unknown}
 r - 2 scrolls of teleportation {unknown}
 s - a scroll of blinking {unknown}
 t - a scroll of fear {unknown}
 u - a scroll of random uselessness {unknown}
Potions
 n - a potion of haste
 o - 4 potions of degeneration
 A - a potion of resistance {unknown}
Comestibles
 f - 14 rations


   Skills:
 + Level 6.6(5.2) Fighting
 + Level 8.4(7.0) Short Blades
 - Level 2.1(0.9) Throwing
 + Level 4.5(3.2) Armour
 + Level 7.6(6.2) Dodging


You had 8 spell levels left.
You didn't know any spells.
Your spell library contained the following spells:

 Spells                   Type           Power        Failure   Level  Hunger
 Magic Dart               Conj           #...         34%         1    ##.....
 Ensorcelled Hibernation  Hex/Ice        #.....       47%         2    ###....
 Searing Ray              Conj           #.....       47%         2    ###....
 Dazzling Spray           Conj/Hex       #.....       71%         3    ####...
 Force Lance              Conj/Tloc      #.......     98%         4    #####..
 Fulminant Prism          Conj/Hex       #.........   98%         4    #####..
 Iskenderun's Mystic Bla  Conj           #.......     98%         4    #####..
 Borgnjor's Vile Clutch   Necr/Erth      #.........   100%        5    ######.
 Silence                  Hex/Air        #.........   100%        5    ######.
 Darkness                 Hex            #.........   100%        6    #######
 Shadow Creatures         Summ           N/A          100%        6    #######


Dungeon Overview and Level Annotations

Branches:
Dungeon (8/15)             Temple (1/1) D:6
   Lair: D:8-11

Altars:
Ashenzari
Cheibriados
Dithmenos
Elyvilon
Fedhas
Gozag
Hepliaklqana
Kikubaaqudgha
Okawaru
Qazlal
Ru
Sif Muna
Trog
Uskayaw
Vehumet
Wu Jian
Xom
Yredelemnul
Zin
The Shining One


Innate Abilities, Weirdness & Mutations

You are small and have problems with some larger weapons.
You are carnivorous and can eat meat at any time.


Message History

You feel drained.
You are too injured to fight recklessly!
You are too injured to fight recklessly!
You are too injured to fight recklessly!
The wight closely misses you.
You are too injured to fight recklessly!
You are too injured to fight recklessly!
You are too injured to fight recklessly!
You are too injured to fight recklessly!
You barely miss the wight.
The wight is lightly damaged.
The wight barely misses you.
You hit the wight.
The wight is heavily damaged.
The wight hits you with a +6 halberd of freezing!
* * * LOW HITPOINT WARNING * * *
The wight freezes you.
* * * LOW HITPOINT WARNING * * *
The wight hits you with a +0 halberd.
You die...

#.....# #.....## # ##......##
####. ##.. #..#.....# #.... ...
#.##.##..# #.... #
#.##.##.###.#####..##
..##.......# #...#.....z
.......)..## #.....###z#
..##...@z########..# #.#
......z............###.#
........##.#######.'.._#
..>#....#### #..###.#
...........# ##.# #.# #
..........#..# #.###+# #.
.........###..รท ##..(... ...
#.......## ### #.......
....####...z....########.#.##..


You could see 2 wights.

Vanquished Creatures
  A hippogriff (D:7)
  A sky beast (D:6)
  An ice beast (D:5)
  An orc warrior (D:6)
  A black bear (D:6)
  Blork the orc (D:4)
  A wyvern skeleton (D:7)
  A scorpion (D:7)
  7 wights (D:7)
  3 crimson imps (D:6)
  7 orc priests
  A centaur skeleton (D:4)
  Crazy Yiuf (D:4)
  An orc wizard (D:4)
  5 worker ants
  A worker ant zombie (D:6)
  3 gnolls (D:7)
  11 adders
  A shadow imp (D:7)
  2 adder skeletons (D:4)
  A worm (D:3)
  3 dart slugs
  A leopard gecko (D:5)
  21 orcs
  6 giant cockroaches
  7 goblins
  11 hobgoblins
  4 jackals
  2 quokkas
  2 ball pythons
  6 bats
  2 frilled lizards
  8 kobolds
  A leopard gecko skeleton (D:6)
  3 rats
129 creatures vanquished.

Notes
Turn   | Place    | Note
-------+----------+-------------------------------------------
     0 | D:1      | Borgoz the Kobold Gladiator began the quest for the Orb.
     0 | D:1      | Reached XP level 1. HP: 12/12 MP: 1/1
    37 | D:1      | Reached XP level 2. HP: 15/18 MP: 2/2
   595 | D:1      | Reached XP level 3. HP: 20/22 MP: 3/3
   932 | D:2      | Reached skill level 1 in Armour
   964 | D:2      | Reached XP level 4. HP: 27/27 MP: 4/4
  2155 | D:3      | Found a faded altar of an unknown god.
  2243 | D:3      | Reached skill level 5 in Short Blades
  2243 | D:3      | Reached XP level 5. HP: 26/32 MP: 5/5
  2891 | D:4      | Reached XP level 6. HP: 4/37 MP: 6/6
  3190 | D:4      | Reached skill level 5 in Dodging
  3224 | D:4      | Noticed Blork the orc
  3239 | D:4      | Killed Blork the orc
  3881 | D:4      | Found a runed translucent door.
  3882 | D:4      | Noticed Crazy Yiuf
  3956 | D:4      | Reached XP level 7. HP: 22/43 MP: 7/7
  4278 | D:4      | Killed Crazy Yiuf
  4278 | D:4      | Reached skill level 6 in Short Blades
  4328 | D:5      | Entered Level 5 of the Dungeon
  4378 | D:5      | Found an ornate altar of the Wu Jian Council.
  5239 | D:6      | Reached skill level 5 in Fighting
  5239 | D:6      | Reached XP level 8. HP: 49/49 MP: 8/8
  5430 | D:6      | Reached skill level 7 in Short Blades
  5435 | D:6      | HP: 1/49 [orc priest/divine providence (7)]
  5437 | D:6      | Found a staircase to the Ecumenical Temple.
  6191 | Temple   | Entered the Ecumenical Temple
  6275 | Temple   | Became a worshipper of Ashenzari the Shackled
  6991 | D:7      | Reached XP level 9. HP: 4/55 MP: 9/9
  7275 | D:7      | Noticed a hippogriff
  7291 | D:7      | Killed a hippogriff
  7291 | D:7      | Reached skill level 8 in Short Blades
  7509 | D:7      | Found a sacrificial altar of Ru.
  7587 | D:7      | Found a hazy altar of Hepliaklqana.
  7589 | D:7      | Found an opulent altar of Gozag.
  7895 | D:7      | Slain by a wight

Levels and vault maps discovered:
D:1:      minmay_arrival_four_circles, layout_loops_ring
D:2:      layout_loops_ring, first_ration
D:3:      layout_basic, chequers_ecumenical_altar_grove, palyth_stone_intersect
D:4:      layout_loops_cross, uniq_crazy_yiuf_cottage, uniq_blork_the_orc
D:5:      layout_loops_ring, nicolae_overflow_crystal_walls
D:6:      layout_basic, minmay_temple_entry_slanted
D:7:      layout_rooms, lemuel_doored_altar,
          chequers_temple_overflow_statue_of_worship, grunt_ogre_cave,
          minmay_tree_intersection
D:8:      minmay_the_grid_octo_tiled_octocenter
          [minmay_the_grid_octo_checkerflower, minmay_the_grid_octo_fat_diamond,
          minmay_the_grid_octo_checkered, minmay_the_grid_octo_tetromino_candy,
          minmay_the_grid_octo_prize_star, minmay_the_grid_square_5x5_dogpile,
          minmay_the_grid_square_5x5_two_small,
          minmay_the_grid_square_5x5_doubleslash,
          minmay_the_grid_square_5x5_forky], layout_loops_corners, serial_ice,
          serial_ice_l, serial_ice_a, serial_ice_m, serial_ice_d,
          minmay_misc_feat_encased
Temple:   lightli_temple_of_artemis

Skill      XL: |  1  2  3  4  5  6  7  8  9 |
---------------+----------------------------+-----
Dodging        | 4 5 6 7 |  7.6
Armour         | 1 2 3 4 |  4.5
Fighting       | 3 4 5 6 |  6.6
Short Blades   | 5 6 7 8 |  8.4
Throwing       | |  2.1

Action                   |  1- 3 |  4- 6 |  7- 9 || total
-------------------------+-------+-------+-------++-------
Melee: Rapier            |    85 |   271 |     7 ||   363
       Short sword       |       |       |   311 ||   311
Throw: Throwing net      |       |     2 |     1 ||     3
  Use: Potion            |       |     8 |     7 ||    15
 Stab: Sleeping          |     2 |       |       ||     2
       Held in net/web   |       |     1 |       ||     1
  Eat: Chunk             |     5 |    13 |    12 ||    30
Armor: Leather armour    |    13 |    32 |    48 ||    93
       Skin              |       |     5 |       ||     5
Dodge: Dodged            |    73 |   201 |   226 ||   500

Table legend:
 A = Non-vault XP
 B = Vault XP
 C = Vault XP percentage of total XP
 D = Non-vault monster count
 E = Vault monster count
 F = Vault count percentage of total count
                 A         B        C        D         E       F
            +---------+---------+-------+---------+---------+-------
      Total |    2406 |     127 |   5.0 |     127 |       2 |   1.6
            +---------+---------+-------+---------+---------+-------
        D:1 |      43 |       0 |   0.0 |      23 |       0 |   0.0
        D:2 |      70 |       0 |   0.0 |      15 |       0 |   0.0
        D:3 |      57 |       0 |   0.0 |      17 |       0 |   0.0
        D:4 |     285 |     127 |  30.8 |      23 |       2 |   8.0
        D:5 |     291 |       0 |   0.0 |      14 |       0 |   0.0
        D:6 |     753 |       0 |   0.0 |      18 |       0 |   0.0
        D:7 |     907 |       0 |   0.0 |      17 |       0 |   0.0
            +---------+---------+-------+---------+---------+-------
